 Dungeon Crawl Stone Soup version 0.30-a0-718-geaa24f58ff (webtiles) character file.

Game seed: 6686775589385962262

3050 ASSMAN the Martial Artist (level 10, -5/85 HPs)
             Began as a Meteoran Transmuter on Jan 25, 2023.
             Was an Initiate of Ru.
             Slain by a lemure (7 damage)
             ... led by Pikel
             ... on level 8 of the Dungeon.
             The game lasted 00:08:31 (3551 turns).

ASSMAN the Martial Artist (Meteoran Transmuter)     Turns: 3551, Time: 00:08:32

Health: -5/85      AC:  7    Str: 12    XL:     10   Next: 33%
Magic:  14/15      EV: 10    Int: 20    God:    Ru [......]
Gold:   258        SH:  5    Dex: 14    Spells: 4/14 levels left

rFire   x . .      SeeInvis +      - Unarmed
rCold   + + +      Faith    .    (shield currently unavailable)
rNeg    . . .      Spirit   .    (body armour currently unavailable)
rPois   +          Reflect  +    (helmet currently unavailable)
rElec   .          Harm     +    (cloak currently unavailable)
rCorr   .          Rampage  .    (gloves currently unavailable)
Will    +....                    (boots currently unavailable)
Stlth   +                        x - amulet "Xun Nihu" {Reflect Harm SH+5 SInv}
HPRegen 0.34/turn                m - ring of wizardry
MPRegen 0.14/turn                p - ring of wizardry

@: mighty, ice-form (expiring), wereblooded, mesmerised, glowing
A: freezing attack, amphibious, boosted hp, large, sense surroundings 2,
otherworldly, glowing, explore regen, (iridescent scales 1), inability to read
after injury 1
a: End Transformation, Renounce Religion


You were on level 8 of the Dungeon.
You worshipped Ru.
Ru was noncommittal.
You were a creature of crystalline ice.
You visited 2 branches of the dungeon, and saw 9 of its levels.

You collected 258 gold pieces.

Inventory:

Hand Weapons
 s - the +4 dagger of Veteirch {drain, rN+ Dex+3}
   (You found it on level 4 of the Dungeon)

   Dex:       It affects your dexterity (+3).
   rN:        It protects you from negative energy.
Armour
 a - a +0 robe (melded)
 c - a +2 ring mail of poison resistance
 w - a +3 scale mail
Jewellery
 m - a ring of wizardry (left front paw)
 p - a ring of wizardry (right front paw)
 q - a ring of protection from cold
 x - the amulet "Xun Nihu" (around neck) {Reflect Harm SH+5 SInv}
   (You found it on level 5 of the Dungeon)

   [amulet of reflection]

   It reflects blocked missile attacks.
   SInv:      It lets you see invisible.
   SH:        It affects your SH (+5).
   Harm:      It increases damage dealt and taken.
Wands
 y - a wand of charming (10)
Scrolls
 b - 2 scrolls of enchant weapon
 d - a scroll of silence {unknown}
 e - 2 scrolls of acquirement {unknown}
 f - a scroll of vulnerability {unknown}
 g - a scroll of immolation {unknown}
 j - 2 scrolls of amnesia {unknown}
 l - a scroll of blinking {unknown}
 o - 2 scrolls of teleportation {unknown}
 t - 2 scrolls of noise {unknown}
 u - 3 scrolls of identify
 z - a scroll of magic mapping {unknown}
Potions
 h - a potion of attraction {unknown}
 i - a potion of degeneration
 k - a potion of haste
 n - a potion of brilliance
 v - a potion of resistance {unknown}


   Skills:
 - Level 1.1 Fighting
 - Level 2.4 Dodging
 * Level 13.4 Unarmed Combat
 - Level 2.6 Spellcasting
 + Level 9.6 Transmutations


You had 4 spell levels left.
You knew the following spells:

 Your Spells              Type           Power      Damage    Failure   Level
a - Beastly Appendage     Tmut           82%        N/A       1%          1
b - Wereblood             Tmut           41%        N/A       1%          2
c - Spider Form           Tmut/Pois      21%        N/A       1%          3
d - Ice Form              Ice/Tmut       21%        N/A       5%          4

Your spell library contained the following spells:

 Spells                   Type           Power      Damage    Failure   Level
 Dazzling Flash           Conj/Hex       4%         N/A       12%         3
 Agony                    Necr           2%         N/A       67%         5
 Silence                  Hex/Air        1%         N/A       67%         5


Dungeon Overview and Level Annotations

Branches:
Dungeon (8/15) Zot: 1316   Temple (1/1) D:7 Zot: 581
   Lair: D:8-11

Altars:
Ashenzari
Cheibriados
Dithmenos
Elyvilon
Fedhas
Gozag
Hepliaklqana
Kikubaaqudgha
Makhleb
Nemelex Xobeh
Okawaru
Qazlal
Ru
Sif Muna
Trog
Uskayaw
Vehumet
Wu Jian
Xom
Zin

Shops:
D:4 =   D:5 *   D:6 ((   D:7 (=?[(

Annotations:
D:8 Erica, Maggie, Pikel


Innate Abilities, Weirdness & Mutations

You are a creature of crystalline ice.
You have a powerful freezing melee attack.
You are amphibious.
Your maximum health is increased.
Your armour is entirely melded.
You are incapable of wielding weapons or throwing items.
You passively map the area around you.
You are easily found by Zot.
You glow in the dark.
You regain HP and MP as you explore.
((You are partially covered in iridescent scales. (AC +2)))
You occasionally lose the ability to read scrolls when taking damage.


Message History

You punch the two-headed ogre! You freeze the two-headed ogre.
The two-headed ogre is severely wounded.
The lemure barely misses you. x2
The two-headed ogre hits you with a +0 giant spiked club!!
The two-headed ogre barely misses you.
Erica mumbles some strange words.
Erica flickers and vanishes for a moment.
You hit the two-headed ogre. You freeze the two-headed ogre.
The two-headed ogre is almost dead.
A wight comes into view. It is wielding a +1 long sword.
A white imp comes into view.
The lemure hits you but does no damage.
The white imp shouts, "Escape, thou twisted fob-snatching harpy!"
You pummel the two-headed ogre!! You freeze the two-headed ogre.
You feel a bit better.
You kill the two-headed ogre!
The lemure hits you but does no damage. x2; The lemure hits you.
Your Unarmed Combat skill increases to level 13!
A wight comes into view. It is wielding a +0 falchion.
You feel very mighty all of a sudden.
Your transformation is almost over.
Maggie mumbles the words to a spell, but in the wrong order.
The lemure barely misses you. x2
You punch Pikel! You freeze Pikel.
Pikel is severely wounded.
A wight comes into view.
It is wielding a +1 halberd of freezing.
Maggie mumbles some strange words.
Maggie attempts to bespell you!
You are mesmerised by Maggie!
You closely miss Pikel.
Pikel is severely wounded.
The lemure hits you. You block the lemure's attack. You block Pikel's attack.
You barely miss Pikel.
Pikel is severely wounded.
The lemure hits you. Pikel hits you but does no damage.
The lemure completely misses you. The death yak gores you!!
* * * LOW HITPOINT WARNING * * *
You barely miss Pikel.
Pikel is severely wounded.
The lemure hits you.
You die...

, * * ,,,, *
, .. *, * * ,
~. , #.* ~
.z, #.* *,* *
,~ ~.., #. *
* ,
~..z##.######
, ~
.....z@.....#
,, ~ ~
≈~..Z.55....#
, ~ #5YY)...#
~~..5.K5....#
* ,* ~
~..##.@.....#
, , ~ ,~
.........# ,
..........# *
,
...#######.##
,.#. .# * #
.# ~ , ** *


You could see a death yak, Erica (invisible), Maggie (mesmerising), Pikel, 4
lemures, 3 wights, a white imp and a centaur simulacrum.

Vanquished Creatures
  A two-headed ogre (D:8)
  Sigmund (D:2)
  A steam dragon (D:7)
  3 water moccasins
  Pargi (D:4)
  Duvessa (D:4)
  3 black bears
  2 ogres
  A phantom (D:5)
  2 bullfrogs
  A necrophage (D:7)
  4 scorpions
  Dowan (D:4)
  5 wights (D:7)
  2 hounds
  A jelly (D:5)
  3 orc priests
  Terence (D:2)
  An orc wizard (D:7)
  4 adders
  A shadow imp (D:5)
  An ufetubus (D:2)
  2 worms
  13 orcs
  3 bats
  2 endoplasms
  5 giant cockroaches
  4 goblins
  5 hobgoblins
  7 jackals (D:2)
  4 quokkas
  5 ball pythons
  4 frilled lizards
  4 kobolds
  4 rats
103 creatures vanquished.

Vanquished Creatures (collateral kills)
  A necrophage (D:4)
1 creature vanquished.

Vanquished Creatures (others)
  A fungus (D:7)
1 creature vanquished.

Grand Total: 105 creatures vanquished

Notes
Turn   | Place    | Note
-------+----------+-------------------------------------------
     0 | D:1      | ASSMAN the Meteoran Transmuter began the quest for the Orb.
     0 | D:1      | Reached XP level 1. HP: 16/16 MP: 5/5
   159 | D:1      | Reached XP level 2. HP: 22/23 MP: 6/6
   212 | D:1      | You fall into a shaft and drop 1 floor!
   214 | D:2      | Noticed Terence
   231 | D:2      | Killed Terence
   232 | D:2      | Reached skill level 4 in Unarmed Combat
   232 | D:2      | Reached XP level 3. HP: 12/28 MP: 8/8
   666 | D:2      | Reached XP level 4. HP: 28/35 MP: 9/9
   727 | D:2      | Reached skill level 5 in Unarmed Combat
   730 | D:2      | Learned a level 2 spell: Wereblood
   734 | D:2      | Learned a level 3 spell: Spider Form
   801 | D:2      | Noticed Sigmund
   813 | D:2      | Killed Sigmund
   814 | D:2      | Reached skill level 6 in Unarmed Combat
   814 | D:2      | Reached XP level 5. HP: 11/40 MP: 7/10
   814 | D:2      | Reached XP level 6. HP: 13/47 MP: 7/11
  1066 | D:3      | Learned a level 4 spell: Ice Form
  1714 | D:3      | Glimpsed the power of Zot.
  1773 | D:4      | Reached skill level 7 in Unarmed Combat
  1824 | D:4      | Gained mutation: You occasionally lose the ability to read
                  | scrolls when taking damage. [potion of mutation]
  1824 | D:4      | Gained mutation: You are partially covered in iridescent
                  | scales. (AC +2) [potion of mutation]
  1857 | D:4      | Reached skill level 5 in Transmutations
  1857 | D:4      | Reached XP level 7. HP: 41/52 MP: 12/12
  1882 | D:4      | Found Tuatog's Jewellery Shop.
  1892 | D:4      | Noticed Pargi
  1908 | D:4      | Killed Pargi
  1946 | D:4      | Noticed Duvessa
  1947 | D:4      | Noticed Dowan
  1954 | D:4      | Killed Duvessa
  1955 | D:4      | Reached skill level 8 in Unarmed Combat
  1958 | D:4      | Killed Dowan
  2033 | D:4      | Found an opulent altar of Gozag.
  2126 | D:4      | Reached XP level 8. HP: 59/59 MP: 13/13
  2156 | D:4      | Found a bloodstained altar of Trog.
  2164 | D:4      | Identified the +4 dagger of Veteirch {drain, rN+ Dex+3}
  2312 | D:5      | Entered Level 5 of the Dungeon
  2400 | D:5      | Reached skill level 9 in Unarmed Combat
  2581 | D:5      | Found Kocseukk's Elemental Accessories.
  2590 | D:5      | Reached skill level 10 in Unarmed Combat
  2607 | D:5      | Identified the amulet "Xun Nihu" {Reflect Harm SH+5 SInv}
  2840 | D:5      | Gained mutation: You passively map the area around you.
                  | [Meteoran growth]
  2840 | D:5      | Reached XP level 9. HP: 58/64 MP: 14/14
  2933 | D:5      | Glimpsed the power of Zot.
  2995 | D:6      | Found Zoicich's Antique Weapon Emporium.
  3006 | D:6      | Reached skill level 11 in Unarmed Combat
  3094 | D:6      | Found Mawick's Weapon Boutique.
  3238 | D:7      | Found Yfeymm's Armour Shoppe.
  3246 | D:7      | Found a staircase to the Ecumenical Temple.
  3247 | D:7      | Found Moppaus's Antique Weapon Emporium.
  3305 | D:7      | Reached skill level 12 in Unarmed Combat
  3311 | Temple   | Entered the Ecumenical Temple
  3320 | Temple   | Became a worshipper of Ru the Awakened
  3348 | D:7      | Found Wilecokh's Jewellery Boutique.
  3362 | D:7      | Found Qucuem's Magic Scroll Emporium.
  3435 | D:7      | Reached XP level 10. HP: 18/71 MP: 10/15
  3489 | D:7      | Found Fuzut's Weapon Boutique.
  3541 | D:8      | Noticed a death yak
  3541 | D:8      | Noticed Pikel
  3541 | D:8      | Noticed Maggie
  3541 | D:8      | Noticed a two-headed ogre
  3542 | D:8      | Noticed Erica
  3546 | D:8      | Killed a two-headed ogre
  3547 | D:8      | Reached skill level 13 in Unarmed Combat
  3550 | D:8      | HP: 2/85 [death yak (31)]
  3551 | D:8      | Slain by a lemure

Illustrated notes

Levels and vault maps discovered:
D:1:      lightli_molten_gateway, layout_loops_cross,
          shapermc_ecumenical_altar_notcrosses
D:2:      layout_loops_corners, uniq_terence, uniq_sigmund,
          uniq_crazy_yiuf_cottage
D:3:      layout_loops_ring, serial_co_window_serial,
          co_window_of_opportunity_a, co_window_paths_a, co_window_paths_a,
          co_window_paths_a, co_window_paths_a, co_window_paths_b,
          co_window_paths_a, co_window_broadway_a, co_window_corner_ca,
          co_window_broadway_b, co_window_of_opportunity_c, co_window_corner_b,
          glass_columns_a, glass_columns_a, glass_columns_b, glass_columns_b,
          minmay_misc_feat_alley
D:4:      layout_loops_ring, bloody_trog,
          nicolae_gozag_cash_rules_everything_around_me, serial_shops, shop,
          uniq_duvessa, uniq_pargi
D:5:      layout_loops_ring, nicolae_elemental_shop
D:6:      layout_cave_pods, serial_shops, nicolae_shop_trees, shop
D:7:      layout_cave_pools, minmay_temple_entry_glass, serial_park,
          serial_park_square3 [serial_park_minivault_5x5_5], serial_park_tiny_2,
          serial_park_square1 [serial_park_minivault_5x5_6], serial_shops,
          nicolae_shop_statue_plus, nicolae_stop_n_shop_2, shop,
          nicolae_shop_trees, nicolae_shop_bloodbath_and_beyond
D:8:      layout_loops_cross, enter_bailey_7, serial_ice, serial_ice_b,
          serial_ice_k, serial_ice_f, serial_ice_e, uniq_pikel, uniq_maggie,
          uniq_erica
Temple:   nicolae_temple_no_exploring_needed

Skill      XL: |  1  2  3  4  5  6  7  8  9 10 |
---------------+-------------------------------+-----
Unarmed Combat | 4 6 7 8 10 12 13 | 13.4
Transmutations | 3 4 5 7 8 9 |  9.6
Fighting       | |  1.1
Dodging        | |  2.4
Spellcasting   | |  2.6

Action                     |  1- 3 |  4- 6 |  7- 9 | 10-12 || total
---------------------------+-------+-------+-------+-------++-------
  Melee: Unarmed           |    47 |    96 |   164 |    11 ||   318
         Kick              |     3 |    10 |    11 |       ||    24
         Punch             |       |     5 |     4 |       ||     9
         Headbutt          |       |       |     2 |       ||     2
   Cast: Beastly Appendage |     1 |     4 |     8 |       ||    13
         Wereblood         |       |     2 |     5 |     1 ||     8
         Spider Form       |       |       |     3 |       ||     3
         Ice Form          |       |       |     5 |     1 ||     6
    Use: Potion            |     1 |     1 |       |     1 ||     3
         Scroll            |       |     7 |       |       ||     7
 Armour: Robe              |     2 |    22 |    31 |       ||    55
         Skin              |     7 |       |     6 |     5 ||    18
  Dodge: Dodged            |    18 |    46 |    74 |     6 ||   144
  Block: Other             |       |       |    14 |     2 ||    16

Table legend: (Time is in decaauts)
 A = Elapsed time spent in this place.
 B = Non-inter-level travel time spent in this place.
 C = Inter-level travel time spent in this place.
 D = Time resting spent in this place.
 E = Time spent auto-exploring this place.
 F = Levels seen in this place.
 G = Mean time per level.
                   A        B        C        D        E       F      G
               +--------+--------+--------+--------+--------+-----+--------+
         Total |   3501 |   3353 |    148 |    122 |   2510 |   9 |  389.0 |
       Dungeon |   3483 |   3352 |    131 |    122 |   2510 |   8 |  435.4 |
        Temple |     18 |      1 |     17 |      0 |      0 |   1 |   18.0 |
               +--------+--------+--------+--------+--------+-----+--------+

Top non-repeatable levels by time:
     D:2: 834 daAuts
     D:3: 669 daAuts
     D:5: 631 daAuts
     D:4: 576 daAuts
     D:7: 335 daAuts
     D:6: 216 daAuts
     D:1: 210 daAuts
  Temple: 18 daAuts
     D:8: 8 daAuts
